 Dungeon Crawl Stone Soup version 0.28-a0-537-g3bccd9ccbf (webtiles) character file.

Game seed: 16695900244682304719

101 Tocho the Firebug (level 4, -2/35 HPs)
             Began as a Demigod Fire Elementalist on Sept 27, 2021.
             Slain by a gnoll shaman (5 damage)
             ... on level 4 of the Dungeon.
             The game lasted 00:07:46 (3734 turns).

Tocho the Firebug (Demigod Fire Elementalist)       Turns: 3734, Time: 00:07:46

Health: -2/35      AC:  5    Str: 13    XL:     4   Next: 24%
Magic:  0/10       EV: 16    Int: 17    God:
Gold:   94         SH:  0    Dex: 14    Spells: 2/7 levels left

rFire   . . .      SeeInvis .   e - +0 falchion
rCold   . . .      Faith    .   (no shield)
rNeg    . . .      Spirit   .   c - +0 leather armour
rPois   .          Reflect  .   (no helmet)
rElec   .          Harm     .   i - +1 cloak
rCorr   .          Rampage  .   (no gloves)
Will    .....                   (no boots)
Stlth   ++........              (no amulet)
HPRegen 0.11/turn               f - +4 ring of evasion
MPRegen 0.12/turn               (no ring)

@: lethally poisoned (-2 -> -11)
A: high mp 1, forlorn
a: no special abilities


You were on level 4 of the Dungeon.
You visited 1 branch of the dungeon, and saw 4 of its levels.

You collected 94 gold pieces.

Inventory:

Hand Weapons
 b - a +1 short sword
 e - a +0 falchion (weapon)
Armour
 a - a +0 robe
 c - a +0 leather armour (worn)
 g - a scarf of shadows
 i - a +1 cloak (worn)
Jewellery
 f - a +4 ring of evasion (left hand)
 k - an amulet of the acrobat
Scrolls
 d - 2 scrolls of enchant armour
 j - a scroll of fear
 m - a scroll of identify {unknown}
Potions
 l - a potion of cancellation {unknown}


   Skills:
 * Level 1.2 Fighting
 + Level 1.0 Short Blades
 + Level 0.3 Armour
 + Level 2.1 Dodging
 - Level 1.7 Stealth
 + Level 2.4 Spellcasting
 + Level 1.5 Conjurations
 + Level 3.4 Fire Magic


You had 2 spell levels left.
You knew the following spells:

 Your Spells              Type           Power      Damage    Failure   Level
a - Foxfire               Conj/Fire      40%        2x1d6     9%          1
b - Scorch                Fire           26%        2d6       9%          2
c - Searing Ray           Conj           14%        2d5       19%         2

Your spell library contained the following spells:

 Spells                   Type           Power      Damage    Failure   Level
 Magic Dart               Conj           28%        1d4       13%         1
 Slow                     Hex            2%         N/A       34%         2
 Conjure Flame            Conj/Fire      10%        6-21      26%         3
 Inner Flame              Hex/Fire       7%         N/A       34%         3
 Confusing Touch          Hex            2%         N/A       56%         3
 Vampiric Draining        Necr           1%         2d6       56%         3
 Flame Wave               Conj/Fire      10%        3d4       65%         4
 Fulminant Prism          Conj/Hex       2%         3d6       86%         4


Dungeon Overview and Level Annotations

Branches:
Dungeon (4/15)
 Temple: D:4-7


Innate Abilities, Weirdness & Mutations

Your attributes grow dramatically as you level up.
You have an increased reservoir of magic. (+10% MP)
You shall have no god before yourself.


Message History

Unknown command.
You feel better. The gnoll misses you.
The gnoll shaman hits you with a +2 whip of venom!
You are lethally poisoned!
Unknown command.
Casting: Scorch (safe; 9% risk of failure)
Confirm with . or Enter, or press ? or * to list all spells.
Aiming: Searing Ray (safe; 19% risk of failure)
Press: ? - help, Shift-Dir - straight line, f - gnoll shaman
Aim: a gnoll shaman, wielding a +2 whip of venom and wearing a +0 robe (heavily wounded, 77% to hit)
The searing ray hits the gnoll shaman.
The gnoll shaman is heavily wounded.
The searing ray misses the gnoll.
The searing ray hits the gnoll!
The gnoll is severely wounded. (Press . to maintain the ray.)
You feel very sick.
The gnoll is no longer more vulnerable to fire.
The gnoll hits you from afar with a +0 spear.
The gnoll shaman calls upon its god to heal the gnoll.
The gnoll's wounds heal themselves!
The gnoll hits you but does no damage.
The searing ray hits the gnoll shaman.
The gnoll shaman is almost dead.
The searing ray hits the gnoll.
The gnoll is moderately wounded.
The searing ray misses the gnoll.
* * * LOW HITPOINT WARNING * * *
You feel very sick. The gnoll closely misses you.
The gnoll shaman prays to its god.
The gnoll shaman is healed somewhat.
The searing ray hits the gnoll shaman.
The gnoll shaman is almost dead.
The searing ray hits the gnoll.
The gnoll is heavily wounded.
* * * LOW HITPOINT WARNING * * *
You feel sick.
The gnoll hits you from afar with a +0 spear.
* * * LOW HITPOINT WARNING * * *
The gnoll shaman hits you with a +2 whip of venom.
You die... #.## ... ##..### +.. ..... #... .... +.... gg#

#...# #g#
##...##+#@#####.
........)../....#
####......#######
#.............#
##.##......###.#
#............#.#
#..#########.#.#
#..# #.#.#
####+#..#
#.#.#######


You could see a gnoll shaman and 2 gnolls.

Vanquished Creatures
  2 adders (D:2)
  A gnoll (D:4)
  3 dart slugs
  5 orcs (D:3)
  6 bats
  2 endoplasms (D:2)
  3 giant cockroaches
  11 hobgoblins
  3 jackals (D:1)
  5 kobolds
  5 ball pythons
  A frilled lizard (D:1)
  5 goblins
  7 rats
59 creatures vanquished.

Vanquished Creatures (others)
  84 foxfires
84 creatures vanquished.

Grand Total: 143 creatures vanquished

Notes
Turn   | Place    | Note
-------+----------+-------------------------------------------
     0 | D:1      | Tocho the Demigod Fire Elementalist began the quest for the
                  | Orb.
     0 | D:1      | Reached XP level 1. HP: 14/14 MP: 5/5
   138 | D:1      | Reached skill level 1 in Conjurations
   452 | D:1      | Reached XP level 2. HP: 22/22 MP: 0/7
   550 | D:1      | Reached skill level 3 in Fire Magic
  1580 | D:2      | Reached XP level 3. HP: 27/27 MP: 2/9
  1583 | D:2      | Learned a level 2 spell: Scorch
  1604 | D:2      | Reached skill level 1 in Fighting
  2442 | D:2      | Learned a level 2 spell: Searing Ray
  3077 | D:3      | Reached XP level 4. HP: 35/35 MP: 6/10
  3728 | D:4      | Reached skill level 1 in Short Blades
  3734 | D:4      | Slain by a gnoll shaman

Illustrated notes

Levels and vault maps discovered:
D:1:      ebering_hopf_link, layout_loops_ring, serial_bayou_pond_d
D:2:      layout_basic, chequers_serial_rivers_micro_d, minmay_nonomino_d4
D:3:      layout_rooms, chequers_ecumenical_altar_simple_redux
D:4:      layout_basic, minmay_quantized

Skill      XL: |  1  2  3  4 |
---------------+-------------+-----
Conjurations   | 1 |  1.5
Fire Magic     | 3 |  3.4
Dodging        | 2 |  2.1
Spellcasting   | 2 |  2.4
Fighting       | 1 |  1.2
Short Blades   | 1 |  1.0
Armour         | |  0.3
Stealth        | |  1.7

Action                   |  1- 3 |  4- 6 || total
-------------------------+-------+-------++-------
Melee: Short sword       |    59 |    27 ||    86
       Unarmed           |     7 |       ||     7
       Falchion          |       |    12 ||    12
 Cast: Foxfire           |    52 |       ||    52
       Scorch            |    14 |     1 ||    15
       Searing Ray       |     1 |     2 ||     3
  Use: Scroll            |     6 |       ||     6
       Potion            |     1 |     2 ||     3
 Stab: Sleeping          |     4 |       ||     4
Armor: Robe              |    11 |       ||    11
       Leather armour    |     5 |    11 ||    16
Dodge: Dodged            |    60 |    43 ||   103

Table legend: (Time is in decaauts)
 A = Elapsed time spent in this place.
 B = Non-inter-level travel time spent in this place.
 C = Inter-level travel time spent in this place.
 D = Time resting spent in this place.
 E = Time spent auto-exploring this place.
 F = Levels seen in this place.
 G = Mean time per level.
                   A        B        C        D        E       F      G
               +--------+--------+--------+--------+--------+-----+--------+
         Total |   3743 |   3531 |    212 |      0 |   2923 |   4 |  935.8 |
       Dungeon |   3743 |   3531 |    212 |      0 |   2923 |   4 |  935.8 |
               +--------+--------+--------+--------+--------+-----+--------+

Top non-repeatable levels by time:
     D:1: 1517 daAuts
     D:2: 1455 daAuts
     D:3: 676 daAuts
     D:4: 95 daAuts
